 Dungeon Crawl Stone Soup version 0.31-a0-986-g5e6e4ef867 (webtiles) character file.

Game seed: 10580947905031850122

44 gelatine the Trooper (level 3, -6/24 (29) HPs)
             Began as a Demonspawn Fighter on Nov 14, 2023.
             Mangled by Sigmund
             ... wielding a +3 scythe of protection
              (8 damage)
             ... on level 2 of the Dungeon.
             The game lasted 00:04:12 (948 turns).

gelatine the Trooper (Demonspawn Fighter)            Turns: 948, Time: 00:04:12

HP:   -6/24 (29)    AC:  7    Str: 18    XL:     3   Next: 39%
MP:   3/3           EV:  9    Int:  9    God:
Gold: 68            SH:  4    Dex: 12    Spells: 2/2 levels left

rFire   . . .        a - +0 war axe
rCold   . . .        c - +0 buckler
rNeg    . . .        b - +0 scale mail
rPois   +            (no helmet)
rElec   .            k - +0 cloak "Lofeomp" {rPois}
rCorr   .            (no gloves)
SInv    .            (no boots)
Will    .....        (no amulet) Stlth
                     (no ring)
HPRegen 0.00/turn    (no ring)
MPRegen 0.08/turn

%: no passive effects
@: mighty, on berserk cooldown, inhibited regen, hasted and slowed, heavily
drained
A: powered by pain 1, inhibited regeneration
a: no special abilities


You were on level 2 of the Dungeon.
You visited 1 branch of the dungeon, and saw 2 of its levels.

You collected 68 gold pieces.

Inventory:

Hand Weapons
 a - a +0 war axe (weapon)
Armour
 b - a +0 scale mail (worn)
 c - a +0 buckler (worn)
 k - the +0 cloak "Lofeomp" (worn) {rPois}
   (You found it on level 2 of the Dungeon)

   rPois:     It protects you from poison
Magical Staves
 m - a staff of conjuration
Scrolls
 f - 2 scrolls of identify {unknown}
 g - a scroll of noise {unknown}
 h - 2 scrolls of teleportation {unknown}
 i - a scroll of enchant weapon {unknown}
 j - a scroll of poison {unknown}


   Skills:
 * Level 3.4 Fighting
 * Level 2.3 Axes
 * Level 2.8 Armour
 * Level 0.2 Dodging
 * Level 3.0 Shields
 * Level 0.1 Spellcasting
 * Level 0.5 Evocations


You had 2 spell levels left.
You didn't know any spells.
Your spell library contained the following spells:

 Spells                   Type           Power      Damage    Failure   Level
 Sandblast                Erth           0%         2d4       86%         1
 Passwall                 Tmut/Erth      0%         N/A       94%         2
 Stone Arrow              Conj/Erth      0%         3d7       99%         3
 Brom's Barrelling Bould  Conj/Erth      0%         2d3       100%        4


Dungeon Overview and Level Annotations

Branches:
Dungeon (2/15)

Altars:

Annotations:
D:2 Sigmund


Innate Abilities, Weirdness & Mutations

You sometimes gain a little power by taking damage.
You do not regenerate when monsters are visible.


Message History

It was a potion of berserk rage.
A red film seems to cover your vision as you go berserk!
You feel yourself moving faster!
You feel mighty! Sigmund casts a spell at you. The magic dart hits you.
You feel a strong urge to attack something.
The kobold shouts!
You feel your anger nearly subside. Sigmund barely misses you.
You are no longer berserk.
You are exhausted.
You feel yourself slow down.
Sigmund says, "Now you see me, now you don't..."
Sigmund hits you but does no damage.
You feel less confused. Sigmund barely misses you.
You closely miss Sigmund.
The kobold throws a stone.
The stone hits you but does no damage. Sigmund barely misses you.
It was a potion of mutation.
You feel extremely strange.
Your regeneration stops near monsters.
The kobold hits you but does no damage.
You feel drained.
You barely miss Sigmund. You slash the kobold!
You kill the kobold!
You block Sigmund's attack.
You closely miss Sigmund. Sigmund closely misses you.
You closely miss Sigmund.
Sigmund hits you with a +3 scythe of protection!
You slash Sigmund!
Sigmund is moderately wounded.
Sigmund hits you with a +3 scythe of protection!
* * * LOW HITPOINT WARNING * * *
You barely miss Sigmund.
Sigmund is moderately wounded.
Sigmund casts a spell.
Sigmund flickers and vanishes!
Deactivating autopickup; reactivate with Ctrl-A.
You barely miss something. Something hits you.
* * * LOW HITPOINT WARNING * * *
You closely miss something. Something hits you!
You die...

#......##..#...#..#####.#
#.##.#..................#
###.##.#............##.####
...<.†......#.##.##.##.#
###.##.#..###.##....##.#
..............##.#####.#
###......######....>...#
####..## #...###### #..# #.@.#
#..## #.){####### # #...#
#.........# .#
##.#######...#####.###.#### #
#.#...............#....... #
####...................#..# .
#
#....#...............#†#..#>.#
#†########.......###.#.†{....#
#[# #...........#$......#


There were no monsters in sight!

Vanquished Creatures
  An adder (D:2)
  A dart slug (D:1)
  3 ball pythons (D:1)
  4 endoplasms
  6 giant cockroaches
  A goblin (D:2)
  3 hobgoblins
  3 kobolds
  A quokka (D:2)
  A bat (D:2)
  2 frilled lizards (D:2)
  2 rats (D:2)
28 creatures vanquished.

Notes
Turn   | Place    | Note
-------+----------+-------------------------------------------
     0 | D:1      | gelatine the Demonspawn Fighter began the quest for the
                  | Orb.
     0 | D:1      | Reached XP level 1. HP: 18/18 MP: 1/1
   138 | D:1      | Gained mutation: You sometimes gain a little power by
                  | taking damage. [demonic ancestry]
   138 | D:1      | Reached XP level 2. HP: 22/24 MP: 2/2
   463 | D:2      | Noticed Sigmund
   465 | D:2      | Identified the +0 cloak "Lofeomp" {rPois}
   544 | D:2      | Reached XP level 3. HP: 27/29 MP: 3/3
   941 | D:2      | Gained mutation: You do not regenerate when monsters are
                  | visible. [potion of mutation]
   948 | D:2      | Mangled by Sigmund

Illustrated notes

Levels and vault maps discovered:
D:1:      heliophobic_arrival_glass_houses, layout_rooms, kennysheep_boxes
D:2:      layout_loops_cross, shapermc_ecumenical_altar_acropolis, uniq_sigmund

Skill      XL: |  1  2 |
---------------+-------+-----
Axes           | 2 |  2.3
Shields        | 3 |  3.0
Fighting       | |  3.4
Armour         | |  2.8
Dodging        | |  0.2
Spellcasting   | |  0.1
Evocations     | |  0.5

Action                     || total
---------------------------++-------
  Melee: War axe           ||    79
    Use: Potion            ||     5
 Armour: Scale mail        ||    59
  Dodge: Dodged            ||    47
  Block: Buckler           ||    16

Table legend: (Time is in decaauts)
 A = Elapsed time spent in this place.
 B = Non-inter-level travel time spent in this place.
 C = Inter-level travel time spent in this place.
 D = Time resting spent in this place.
 E = Time spent auto-exploring this place.
 F = Levels seen in this place.
 G = Mean time per level.
                   A        B        C        D        E       F      G
               +--------+--------+--------+--------+--------+-----+--------+
         Total |    962 |    932 |     30 |      0 |    646 |   2 |  481.0 |
       Dungeon |    962 |    932 |     30 |      0 |    646 |   2 |  481.0 |
               +--------+--------+--------+--------+--------+-----+--------+

Top non-repeatable levels by time:
     D:1: 558 daAuts
     D:2: 403 daAuts
